 Dungeon Crawl Stone Soup version 0.24.0-1-gfbc8707 (webtiles) character file.

Game seed: 1424822964151211782, levelgen mode: deterministic

2593 Datul the Cleaver (level 9, -3/71 HPs)
             Began as a Hill Orc Hunter on Oct 27, 2019.
             Was a Believer of Okawaru.
             Slain by Grum
             ... wielding a +1 glaive
              (12 damage)
             ... on level 8 of the Dungeon on Oct 28, 2019.
             The game lasted 00:26:50 (8777 turns).

Datul the Cleaver (Hill Orc Hunter)                 Turns: 8777, Time: 00:26:50

Health: -3/71      AC: 15    Str: 18    XL:     9   Next: 58%
Magic:  21/21      EV:  8    Int: 11    God:    Okawaru [**....]
Gold:   249        SH:  0    Dex: 11    Spells: 8/8 levels left

rFire    . . .     SeeInvis .   d - +0 war axe
rCold    . . .     Gourm    .   (no shield)
rNeg     . . .     Faith    .   g - +0 plate armour
rPois    +         Spirit   .   (no helmet)
rElec    .         Reflect  .   (no cloak)
rCorr    .         Harm     .   (no gloves)
MR       .....                  (no boots)
Stlth    ..........             (no amulet)
HPRegen  0.21/turn              l - ring of poison resistance
MPRegen  0.17/turn              y - ring of magical power

@: heroism, hasted, very quick
A: no striking features
a: Heroism, Renounce Religion


You were on level 8 of the Dungeon.
You worshipped Okawaru.
Okawaru was pleased with you.
You were not hungry.

You visited 2 branches of the dungeon, and saw 9 of its levels.

You collected 366 gold pieces.
You spent 117 gold pieces at shops.

Inventory:

Hand Weapons
 a - a +0 short sword
 d - a +0 war axe (weapon)
 i - a +0 mace
 m - a +0 hand axe
 A - a +1 flail
Missiles
 c - a javelin (quivered)
 p - 2 boomerangs
Armour
 b - a +0 leather armour
 g - a +0 plate armour (worn)
Jewellery
 l - a ring of poison resistance (left hand)
 y - a ring of magical power (right hand)
 z - an uncursed ring of resist corrosion {unknown}
Wands
 q - a wand of digging (5)
 s - a wand of acid (11)
 w - a wand of disintegration (7)
 x - a wand of iceblast (4)
Scrolls
 h - 3 scrolls of remove curse
 n - a scroll of random uselessness
 o - 3 scrolls of amnesia
 u - 2 scrolls of identify
Potions
 r - a potion of curing
 t - a potion of haste
 v - a potion of might
 B - a potion of agility
Comestibles
 f - 8 rations


   Skills:
 - Level 3.7(8.7) Fighting
 + Level 9.4(16.0) Axes
 - Level 7.9(14.4) Maces & Flails
 - Level 3.6(8.6) Throwing
 - Level 6.0(11.0) Armour
 - Level 1.5(6.5) Dodging
 - Level 0.7(5.7) Stealth
 - Level 5.2 Invocations


You had 8 spell levels left.
You didn't know any spells.
Your spell library was empty.

Dungeon Overview and Level Annotations

Branches:
Dungeon (8/15)             Temple (1/1) D:7
   Lair: D:8-11

Altars:
Ashenzari
Cheibriados
Dithmenos
Elyvilon
Fedhas
Gozag
Hepliaklqana
Kikubaaqudgha
Makhleb
Nemelex Xobeh
Okawaru
Qazlal
Ru
Sif Muna
Trog
Uskayaw
Vehumet
Wu Jian
Xom
Yredelemnul
Zin
The Shining One

Shops:
D:4 !

Annotations:
D:8 Grum


Message History

The wolf bites you but does no damage.
Grum hits you from afar with a +1 glaive.
* * * LOW HITPOINT WARNING * * *
You slice the wolf!!
You kill the wolf!
Okawaru accepts your kill.
Your magical effects are unravelling.
You feel magically purged.
You feel less wooden.
Your +0 plate armour unmelds from your body.
You feel yourself slow down.
Okay, then.
Evoke which item? (* to show all) (? for menu, Esc to quit)
Okay, then.
You feel better.
Grum hits you from afar with a +1 glaive.
* * * LOW HITPOINT WARNING * * *
You feel yourself speed up.
Grum hits you from afar with a +1 glaive!
You die...

,,,*,......##.##....##......,,,,,
,,,,,......##....##.##*...#.,**,,
,,,,,................##...#*,**,,
,,,****#..##............###,,,,,*
,,,* #................***,,*,,*
,,,***##...........#....#*,,*****
,,,,,*#.$.........####..#*,**,*,,
,,,,,..........†..####,.,*,,,,,,,
,,,,,........,,* 8****,..,.....#
*,,..,,,,,,,,* ,∩8**,,,.##..#*
**,,.,,,,,,,,, ****,*,,,,..#*
**,,,,,*,,*,,,* ,,,,,,,,,,***
*,,,,*,********


You could see Grum.

Vanquished Creatures
  Prince Ribbit (D:5)
  A hippogriff (D:7)
  A wyvern (D:8)
  2 ice beasts
  2 sky beasts
  3 phantoms
  2 wolves (D:8)
  An ogre (D:5)
  2 centaurs
  Blork the orc (D:4)
  2 bullfrogs (D:7)
  2 jellies
  A quasit (D:5)
  4 hounds
  5 orc wizards
  2 bullfrog skeletons (D:5)
  4 iguanas
  3 worker ants
  A hound skeleton (D:7)
  7 adders
  A howler monkey skeleton (D:7)
  An ooze (D:1)
  An adder skeleton (D:7)
  A worm (D:4)
  4 dart slugs
  10 leopard geckos
  22 orcs
  2 ball pythons
  11 bats
  9 giant cockroaches
  9 goblins
  8 hobgoblins
  11 jackals
  2 quokkas
  3 frilled lizards
  A jackal skeleton (D:4)
  A jackal zombie (D:7)
  3 kobolds
  10 rats
  A butterfly (D:7)
158 creatures vanquished.

Notes
Turn   | Place    | Note
-------+----------+-------------------------------------------
     0 | D:1      | Datul the Hill Orc Hunter began the quest for the Orb.
     0 | D:1      | Reached XP level 1. HP: 18/18 MP: 1/1
   439 | D:1      | Reached XP level 2. HP: 25/26 MP: 2/2
   530 | D:1      | Reached skill level 1 in Armour
   547 | D:1      | Reached XP level 3. HP: 33/33 MP: 3/3
  1207 | D:2      | Reached skill level 1 in Maces & Flails
  1353 | D:2      | Reached XP level 4. HP: 40/40 MP: 4/4
  1483 | D:2      | Found an opulent altar of Gozag.
  1737 | D:2      | Found a shimmering blue altar of Sif Muna.
  2075 | D:3      | Found a glowing silver altar of Zin.
  2326 | D:3      | Found a sacrificial altar of Ru.
  2328 | D:3      | Reached XP level 5. HP: 46/46 MP: 5/5
  3277 | D:4      | Reached XP level 6. HP: 43/52 MP: 6/6
  3457 | D:4      | Found Awisut's Distillery.
  3465 | D:4      | Bought a potion of curing for 39 gold pieces
  3465 | D:4      | Bought a potion of heal wounds for 65 gold pieces
  3465 | D:4      | Bought a potion of degeneration for 13 gold pieces
  3624 | D:4      | Noticed Blork the orc
  3656 | D:4      | Killed Blork the orc
  4155 | D:4      | Noticed a phantom
  4237 | D:4      | Killed a phantom
  4237 | D:4      | Reached skill level 5 in Armour
  4237 | D:4      | Reached XP level 7. HP: 42/58 MP: 7/7
  4518 | D:5      | Entered Level 5 of the Dungeon
  4528 | D:5      | Found a shimmering altar of Xom.
  4569 | D:5      | Reached skill level 5 in Maces & Flails
  5257 | D:5      | Noticed Prince Ribbit
  5454 | D:5      | Found a hide-covered altar of Uskayaw.
  5457 | D:5      | Found an iron altar of Okawaru.
  5461 | D:5      | Became a worshipper of Warmaster Okawaru
  5467 | D:5      | Found a hazy altar of Hepliaklqana.
  5470 | D:5      | Found an ornate altar of the Wu Jian Council.
  5703 | D:5      | Reached skill level 1 in Invocations
  5703 | D:5      | Reached XP level 8. HP: 54/66 MP: 9/9
  5897 | D:5      | Killed Prince Ribbit
  6477 | D:5      | Reached * piety under Okawaru
  6725 | D:6      | Reached skill level 5 in Invocations
  6971 | D:6      | Found a snail-covered altar of Cheibriados.
  7085 | D:6      | Reached skill level 2 in Axes
  7330 | D:6      | Reached skill level 3 in Axes
  7407 | D:6      | Found a bloodstained altar of Trog.
  7564 | D:7      | Found a sparkling altar of Nemelex Xobeh.
  7567 | D:7      | Noticed a hippogriff
  7581 | D:7      | Killed a hippogriff
  7581 | D:7      | Reached skill level 5 in Axes
  7581 | D:7      | Reached XP level 9. HP: 55/71 MP: 12/12
  7706 | D:7      | Reached skill level 6 in Axes
  8055 | D:7      | Found a basalt altar of Yredelemnul.
  8146 | D:7      | Reached skill level 7 in Axes
  8268 | D:7      | Found a staircase to the Ecumenical Temple.
  8274 | Temple   | Entered the Ecumenical Temple
  8541 | D:7      | Found a white marble altar of Elyvilon.
  8576 | D:7      | Reached skill level 8 in Axes
  8743 | D:8      | Noticed Grum
  8761 | D:8      | Reached skill level 9 in Axes
  8774 | D:8      | Reached ** piety under Okawaru
  8777 | D:8      | Slain by Grum

Levels and vault maps discovered:
D:1:      wheals_arrival_shading, layout_basic
D:2:      layout_loops_corners, lemuel_crystal_altar, lemuel_altar_in_water
D:3:      layout_basic, lemuel_crystal_altar, first_ration,
          nicolae_ru_great_annihilating_truth
D:4:      layout_basic, serial_shops, shop, uniq_blork_the_orc
D:5:      layout_cave_pods, grunt_temple_overflow_cloverleaf, xom_teletrap_fun,
          uniq_prince_ribbit1
D:6:      layout_basic, kennysheep_mini, lightli_temple_of_fire
D:7:      layout_loops_cross, nicolae_overflow_crystal_walls,
          lemuel_doored_altar, lemuel_crystal_altar,
          minmay_temple_entry_butterflies
D:8:      layout_cave_pools, enter_bailey_8, hangedman_pestilent_swarm,
          uniq_grum
Temple:   zaba_magenta_temple

Skill      XL: |  1  2  3  4  5  6  7  8  9 |
---------------+----------------------------+-----
Fighting       | 3 |  3.7
Armour         | 1 2 3 4 5 6 |  6.0
Maces & Flails | 1 2 3 4 6 7 |  7.9
Invocations    | 1 5 |  5.2
Axes           | 5 9 |  9.4
Throwing       | |  3.6
Dodging        | |  1.5
Stealth        | |  0.7

Action                   |  1- 3 |  4- 6 |  7- 9 || total
-------------------------+-------+-------+-------++-------
Melee: Short sword       |    62 |       |       ||    62
       Mace              |    64 |   269 |    28 ||   361
       Flail             |       |       |   333 ||   333
       War axe           |       |       |    91 ||    91
       Punch             |       |       |     1 ||     1
Throw: Javelin           |    20 |    26 |     4 ||    50
       Throwing net      |       |     4 |     2 ||     6
       Boomerang         |       |       |     2 ||     2
Invok: Heroism           |       |       |     2 ||     2
  Use: Scroll            |       |     1 |    12 ||    13
       Potion            |       |     1 |    13 ||    14
 Stab: Invisible         |       |       |     2 ||     2
  Eat: Chunk             |     2 |     9 |    12 ||    23
       Ration            |       |       |     1 ||     1
Armor: Leather armour    |     9 |       |       ||     9
       Plate armour      |   143 |   204 |   388 ||   735
       Skin              |       |       |    29 ||    29
Dodge: Dodged            |    66 |    73 |   161 ||   300
